 Dungeon Crawl Stone Soup version 0.31-a0-819-gf6de2f5ab6 (webtiles) character file.

Game seed: 11605828572774759462

196 Kurtz the Chopper (level 5, -1/36 HPs)
             Began as an Octopode Fighter on Sept 24, 2023.
             Slain by an ogre
             ... wielding a +0 giant spiked club
              (20 damage)
             ... on level 4 of the Dungeon.
             The game lasted 00:01:39 (2068 turns).

Kurtz the Chopper (Octopode Fighter)                Turns: 2068, Time: 00:01:39

Health: -1/36      AC:  1    Str: 17    XL:     5   Next: 74%
Magic:  5/5        EV: 13    Int: 11    God:
Gold:   102        SH:  4    Dex: 11    Spells: 4/4 levels left

rFire   . . .        a - +0 war axe
rCold   . . .        b - +0 buckler
rNeg    . . .        (helmet restricted)
rPois   .            o - amulet of regeneration
rElec   .            (no ring)
rCorr   .            (no ring)
SInv    .            (no ring)
Will    .....        (no ring)
Stlth   ++           (no ring)
HPRegen 1.06/turn    (no ring)
MPRegen 0.09/turn    (no ring)
                     (no ring)

%: clarity
@: mighty
A: almost no armour, amphibious, 8 rings, camouflage 1, gelatinous body 1,
(nimble swimmer 1), tentacles, clarity
a: no special abilities


You were on level 4 of the Dungeon.
You visited 1 branch of the dungeon, and saw 4 of its levels.

You collected 102 gold pieces.

Inventory:

Hand Weapons
 a - a +0 war axe (weapon)
Missiles
 d - 8 javelins
 l - 4 boomerangs
 v - 4 poisoned darts
Armour
 b - a +0 buckler (worn)
Jewellery
 n - a ring of ice
 o - an amulet of regeneration (around mantle)
Wands
 s - a wand of polymorph (14)
 w - a wand of paralysis (2)
Scrolls
 f - a scroll of teleportation {unknown}
 h - 4 scrolls of identify {unknown}
 i - 3 scrolls of enchant weapon {unknown}
 j - 3 scrolls of amnesia {unknown}
 p - 4 scrolls of revelation {unknown}
 q - a scroll of poison {unknown}
 r - a scroll of immolation {unknown}
 t - 2 scrolls of brand weapon {unknown}
 u - a scroll of blinking {unknown}
Potions
 c - 3 potions of might
 e - 2 potions of curing
 g - a potion of mutation
 k - a potion of brilliance {unknown}
 m - a potion of heal wounds {unknown}


   Skills:
 - Level 3.0 Fighting
 * Level 5.8 Axes
 - Level 3.0 Dodging
 - Level 3.0 Shields


You had 4 spell levels left.
You didn't know any spells.
Your spell library contained the following spells:

 Spells                   Type           Power      Damage    Failure   Level
 Apportation              Tloc           0%         N/A       41%         1
 Jinxbite                 Hex            0%         N/A       56%         2
 Scorch                   Fire           0%         2d5       56%         2
 Flame Wave               Conj/Fire      0%         2d4       99%         4
 Alistair's Intoxication  Tmut/Pois      0%         N/A       100%        5
 Summon Cactus Giant      Summ           0%         N/A       100%        6


Dungeon Overview and Level Annotations

Branches:
Dungeon (4/15)
 Temple: D:4-7

Altars:
The Shining One

Shops:
D:2 *


Innate Abilities, Weirdness & Mutations

You cannot wear most types of armour.
You are amphibious.
You can wear up to eight rings at the same time.
Your skin changes colour to match your surroundings (Stealth+).
Your rubbery body absorbs attacks. (AC +1, EV +1)
((You are camouflaged when in or above water. (Stealth+)))
You have tentacles for arms and can constrict up to eight enemies at once.
You possess an exceptional clarity of mind.


Message History

Things that are here:
a +0 short sword; 5 stones; a kobold corpse Unknown command.
There are monsters nearby!
There are monsters nearby!
You hit the ogre. Your squeeze misses the ogre.
The ogre is lightly wounded.
The ogre hits you with a +0 giant spiked club!!
Ouch! That really hurt!
* * * LOW HITPOINT WARNING * * *
The hound completely misses you.
You are too injured to fight recklessly!
Unknown command.
Things that are here:
a +0 short sword; 5 stones; a kobold corpse You feel very mighty all of a sudden.
The hound barely misses you. You block the hound's attack.
You feel better. The hound barely misses you.
You slash the hound! Your grab misses the hound.
The hound is heavily wounded.
The hound bites you. The hound barely misses you.
You barely miss the hound. You grab the hound.
The hound is heavily wounded.
You constrict the hound. The hound bites you. The hound misses you.
You hit the hound.
The hound is severely wounded.
You constrict the hound. The hound bites you. The hound closely misses you.
You slash the hound!
You kill the hound!
You slash the ogre! You squeeze the ogre!
The ogre is almost dead.
The ogre barely misses you.
You barely miss the ogre.
The ogre is almost dead.
The ogre barely misses you.
You barely miss the ogre.
The ogre is almost dead.
The ogre hits you with a +0 giant spiked club!!
Ouch! That really hurt!
You die...

#.#...#
#....######
##.........
#.##)##.##
#.##....#
#.......#
####.#.##
#.#†###.#
#..@....#
###O#####
#...# #...#
#...# #.$..
......
......
........


You could see an ogre.

Vanquished Creatures
  A hound (D:4)
  A sleepcap (D:2)
  Jessica (D:3)
  6 adders
  A shadow imp (D:3)
  A worm (D:4)
  An orc (D:3)
  4 ball pythons (D:2)
  2 endoplasms (D:1)
  6 giant cockroaches
  3 goblins (D:1)
  6 hobgoblins
  A quokka (D:1)
  5 bats
  2 frilled lizards
  3 kobolds
  7 rats
51 creatures vanquished.

Notes
Turn   | Place    | Note
-------+----------+-------------------------------------------
     0 | D:1      | Kurtz the Octopode Fighter began the quest for the Orb.
     0 | D:1      | Reached XP level 1. HP: 16/16 MP: 1/1
   110 | D:1      | Reached XP level 2. HP: 20/21 MP: 2/2
   190 | D:1      | Reached skill level 3 in Axes
   729 | D:2      | Found Koiptige's Assorted Antiques.
   736 | D:2      | Reached XP level 3. HP: 26/26 MP: 3/3
   932 | D:2      | Reached skill level 4 in Axes
   932 | D:2      | Reached XP level 4. HP: 18/31 MP: 4/4
  1374 | D:3      | Noticed Jessica
  1382 | D:3      | Killed Jessica
  1383 | D:3      | Reached skill level 5 in Axes
  1383 | D:3      | Reached XP level 5. HP: 36/36 MP: 5/5
  1428 | D:3      | Found a glowing golden altar of the Shining One.
  1637 | D:3      | Gained mutation: You possess an exceptional clarity of
                  | mind. [potion of mutation]
  1637 | D:3      | HP: 1/36 [poisoned by an adder]
  2054 | D:4      | Noticed an ogre
  2068 | D:4      | Slain by an ogre

Illustrated notes

Levels and vault maps discovered:
D:1:      spicycebolla_arrival_clurvy, layout_basic
D:2:      cheibrodos_helix_gallery, layout_loops_ring, serial_shops,
          nicolae_diamond_shop
D:3:      layout_rooms, nicolae_tso_carved_into_rock, nicolae_underground_beach,
          uniq_jessica
D:4:      layout_loops_cross, kennysheep_generic_room_8

Skill      XL: |  1  2  3  4 |
---------------+-------------+-----
Axes           | 3 4 5 |  5.8
Fighting       | |  3.0
Dodging        | |  3.0
Shields        | |  3.0

Action                     |  1- 3 |  4- 6 || total
---------------------------+-------+-------++-------
  Melee: War axe           |    47 |    56 ||   103
         Constrict         |    16 |    12 ||    28
         Tentacles         |     6 |     6 ||    12
         Punch             |     1 |     1 ||     2
    Use: Potion            |       |     4 ||     4
   Stab: Sleeping          |     2 |     6 ||     8
 Armour: Skin              |    19 |    28 ||    47
  Dodge: Dodged            |    28 |    28 ||    56
  Block: Buckler           |    13 |     8 ||    21

Table legend: (Time is in decaauts)
 A = Elapsed time spent in this place.
 B = Non-inter-level travel time spent in this place.
 C = Inter-level travel time spent in this place.
 D = Time resting spent in this place.
 E = Time spent auto-exploring this place.
 F = Levels seen in this place.
 G = Mean time per level.
                   A        B        C        D        E       F      G
               +--------+--------+--------+--------+--------+-----+--------+
         Total |   2101 |   1958 |    143 |    127 |   1457 |   4 |  525.2 |
       Dungeon |   2101 |   1958 |    143 |    127 |   1457 |   4 |  525.2 |
               +--------+--------+--------+--------+--------+-----+--------+

Top non-repeatable levels by time:
     D:2: 699 daAuts
     D:3: 691 daAuts
     D:1: 676 daAuts
     D:4: 34 daAuts
